mbi, chaotic male elven Wizard ... ....- -....| ...(.| -...-- |...|--- ---.--..| |.....| ---q...- -----@.... ---|..).%).- ...--....--... -........-- -- -.<)....- |..(..... -----.|. mbi the Thaumaturge Experience level: 9 Strength: 10 Dexterity: 13 Constitution: 16 Intelligence: 20 Wisdom: 13 Charisma: 10 Health: 0(58) Energy: 37(92) AC: 4 Gold: 1368 Moves: 6288 Your Inventory: Coins $ - 1368 gold pieces Weapons a - a blessed +2 quarterstaff (weapon in hands) Armor b - an uncursed +0 cloak of magic resistance (being worn) t - a blessed +1 leather armor (being worn) v - an uncursed +0 pair of iron shoes of telepathy (being worn) Comestibles p - an uncursed slime mold R - 6 uncursed food rations Scrolls i - a blessed scroll of flood j - 2 uncursed scrolls of earth y - an [uncursed] scroll of teleportation E - a cursed scroll of create monster K - 2 uncursed scrolls of light V - an uncursed scroll of create monster Y - an uncursed scroll of punishment Potions f - an uncursed potion of gain level g - an uncursed potion of gain energy r - an uncursed potion of extra healing w - 2 uncursed potions of healing x - an uncursed potion of monster detection F - an uncursed potion of sickness H - an uncursed potion of polymorph X - an uncursed potion of water Z - a blessed potion of paralysis Rings u - a cursed -1 ring of protection z - an [uncursed +1] iron ring [of increase accuracy] Wands c - an uncursed wand of magic missile (0:2) o - an uncursed wand of striking (0:2) A - an [uncursed] marble wand [of digging (0:8)] Tools l - an uncursed +0 unicorn horn n - an uncursed magic marker (0:22) s - an uncursed magic whistle C - an uncursed skeleton key T - a blessed magic lamp named magic (lit) Gems Q - 2 uncursed luckstones Spells known in the end: Name Level Category Fail Memory a - force bolt 1 attack 0% [||||||..] b - haste self 3 escape 63% [||||||..] c - detect monsters 1 divination 0% [||||||..] d - drain life 2 attack 0% [||||||..] e - knock 1 matter 0% [||||||..] f - identify 3 divination 63% [|||||||.] Your skills at the end: Fighting Skills Weapon Skills quarterstaff [Skilled] Spellcasting Skills attack spells [Skilled] enchantment spells [Basic] Final Attributes: You were piously aligned. Hunger level was 115. Your alignment was 41 / 41. Monster difficulty range was 1 - 10. Level difficulty was 11. You resisted cold. You were immune to sleep. You were magic-protected. You saw invisible. You were telepathic. You had infravision. You were fast. You were lucky (3). You had extra luck. Bad luck did not time out for you. Good luck did not time out for you. You are dead. Vanquished creatures: 2 small mimics a rodent of unusual size a flaming sphere a large cat 2 tengu a leprechaun an orc-captain a mumak a giant spider a vampire bat an owlbear a yeti a dog a dingo a housecat a white unicorn a dust vortex a raven 4 human zombies a soldier ant a fire ant 3 snow ants a water nymph 4 Mordor orcs 2 rock piercers 4 enormous rats a pony a shrieker a violet fungus 12 gnome lords 3 gnomish wizards 2 black naga hatchlings a gray ooze a straw golem a wax golem a floating eye 17 dwarves a kobold lord 21 hill orcs 2 rabid rats a centipede a wererat 2 iguanas 6 killer bees 2 coyotes a gas spore 3 hobbits 2 manes 3 large kobolds a hobgoblin 4 giant rats a yellow mold 64 gnomes 8 garter snakes a fox 2 goblins 5 grid bugs 3 lichens 2 newts 217 creatures vanquished. Voluntary challenges: You used a wielded weapon 238 times. You read items or engraved 12 times. You put on armor 4 times. You never genocided any monsters. You never polymorphed an object. You never changed form. You used no wishes. You never wrote Elbereth's name. You never encountered a bones level. You never used any Sokoban shortcuts. Dungeon overview: The Dungeons of Doom: levels 1 to 7 Level 1 a fountain a long staircase Level 2 a general store Level 3 a fountain Level 4 some fountains stairs to The Gnomish Mines Level 5 many fountains Level 6 a fountain stairs to Sokoban The Gnomish Mines: levels 5 to 11 Level 5 stairs to The Dungeons of Doom Level 7 many shops, a temple, a magic chest, some fountains Level 11 <- You were here Sokoban: Level 5 a magic chest stairs to The Dungeons of Doom History has recorded: On T:1 you entered the Dungeons of Doom to retrieve the Amulet of Yendor! On T:510 you reached level 2 of The Dungeons of Doom. On T:665 you advanced to experience level 2. On T:841 you reached level 3 of The Dungeons of Doom. On T:917 you advanced to experience level 3. On T:1247 you reached level 4 of The Dungeons of Doom. On T:1250 you advanced to experience level 4. On T:1363 you advanced to experience level 5. On T:1492 you reached level 1 of The Gnomish Mines. On T:1729 you advanced to experience level 6. On T:1878 you reached level 2 of The Gnomish Mines. On T:2131 you reached level 3 of The Gnomish Mines. On T:2185 you advanced to experience level 7. On T:2801 you advanced to experience level 8. On T:3048 you reached level 5 of The Dungeons of Doom. On T:3214 you reached level 6 of The Dungeons of Doom. On T:3689 you reached level 3 of Sokoban. On T:4206 you reached level 7 of The Dungeons of Doom. On T:4543 you advanced to experience level 9. On T:5117 you reached level 4 of The Gnomish Mines. On T:5363 you reached level 5 of The Gnomish Mines. On T:6239 you reached level 7 of The Gnomish Mines. Latest messages: A mumak [seen: infravision, telepathy]. The spell hits the mumak! The spell misses the mumak. The spell misses the mumak. The spell misses the mumak. [HP+1=48] [2 turns] The mumak butts! The mumak just misses! [HP-22=26] [HP+1=27] The mumak butts! The mumak bites! You die... Final status: Goodbye mbi the Wizard... You died in The Gnomish Mines on dungeon level 11 with 12362 points, and 1368 pieces of gold, after 6288 moves. You were level 9 with a maximum of 58 hit points when you died.